Blackdemons vs Wiprows (R1)

Created - 23 octobre 2015 at 19:00

Goals
1 2 3 T
Blackdemons 0 3 2 5
Wiprows 0 1 0 1
Shots
1 2 3 T
Blackdemons 6 8 13 27
Wiprows 13 12 6 31

1st period

No Goal

Penalties :
No Penalty

2nd period

1. Wiprows , Maxime Macenauer 2 (Linden Vey, Brandon Bollig) at 6:16 (PP)
2. Blackdemons , Zach Boychuk 8 (Matt Irwin, Chris Mason) at 9:07
3. Blackdemons , Matt Irwin 4 (Enver Lisin, Chris Mason) at 9:41 (PP)
4. Blackdemons , Shawn Matthias 6 (Barry Tallackson, Matt Irwin) at 17:01

Penalties :
Shawn Matthias (MJM) for Hooking (Minor) at 4:32, Zach Boychuk (MJM) for Hooking (Minor) at 6:39, Linden Vey (Win) for Spearing (Major / Game Misconduct) at 9:29, Zach Boychuk (MJM) for Tripping (Minor) at 18:52

3rd period

5. Blackdemons , Eric Wellwood 3 (Matt Hunwick, Steve Oleksy) at 4:03
6. Blackdemons , Enver Lisin 9 (Steve Oleksy) at 15:04

Penalties :
Arturs Kulda (Win) for Holding (Minor) at 0:48, Zach Boychuk (MJM) for Roughing (Minor) at 1:10, Enver Lisin (MJM) for Hooking (Minor) at 7:05, Calvin de Haan (MJM) for Hooking (Minor) at 9:34

Goalie Stats

Chris Mason (MJM), 30 saves from 31 shots - (0,968), W, 6-1-1, 60:00 minutes
Calvin Pickard (Win), 22 saves from 27 shots - (0,815), L, 0-1-0, 60:00 minutes

Players Stats for Blackdemons

Player Name              G  A  P  +/- PIM S  H  SB GA TA FO     MP     PP MP  PK MP  
------------------------------------------------------------------------------------
Andrew MacDonald         0  0  0   1  0   1  4  1  0  0  0/0    23:03   1:44   3:47 
Barry Tallackson         0  1  1   3  0   1  0  0  1  0  1/2    14:52   1:39   0:58 
Ben Maxwell              0  0  0   0  0   2  1  0  0  0  0/0    10:31   0:00   2:49 
Calvin de Haan           0  0  0   1  2   0  0  0  0  0  0/0    17:27   2:45   0:00 
Enver Lisin              1  1  2   1  2   5  1  0  0  1  0/1    17:53   2:24   0:00 
Eric Wellwood            1  0  1   3  0   1  2  0  0  0  0/0    15:09   1:41   0:59 
Jakub Kindl              0  0  0   0  0   2  0  1  1  0  0/0    21:27   1:44   6:03 
Mathieu Dandenault       0  0  0   0  0   3  1  0  0  1  0/0    11:26   0:55   2:49 
Matt Hunwick             0  1  1   2  0   1  2  1  0  1  0/0    20:56   0:57   6:12 
Matt Irwin               1  2  3   2  0   1  0  0  2  2  0/0    21:03   2:47   3:28 
Michael Haley            0  0  0   0  0   1  3  0  0  0  0/1     9:38   1:00   0:00 
Patrice Cormier          0  0  0   1  0   0  1  1  0  0  6/25   16:28   2:04   0:00 
Richard Park             0  0  0   0  0   4  0  0  0  1  0/0    15:03   0:10   6:11 
Scott Timmins            0  0  0   0  0   1  0  0  0  0  0/0     8:09   0:40   0:01 
Shawn Matthias           1  0  1   3  2   1  1  1  1  0  4/9    15:18   2:03   0:00 
Steve Oleksy             0  2  2   2  0   0  0  0  0  2  0/0    16:13   0:39   0:28 
Wayne Primeau            0  0  0   0  0   2  1  0  0  1  9/18   16:08   0:55   6:11 
Zach Boychuk             1  0  1   1  6   1  1  0  0  0  1/1    17:31   2:22   0:00 

Players Stats for Wiprows

Player Name              G  A  P  +/- PIM S  H  SB GA TA FO     MP     PP MP  PK MP  
------------------------------------------------------------------------------------
Arturs Kulda             0  0  0  -1  2   1  5  1  0  2  0/0    25:39   6:23   2:17 
Austin Madaisky          0  0  0  -2  0   0  0  0  0  0  0/0    10:20   0:00   0:32 
Brandon Bollig           0  1  1  -1  0   5  2  0  0  0  1/1    18:19   4:54   1:20 
Drayson Bowman           0  0  0  -1  0   3  1  0  1  0  0/0    15:40   2:33   1:25 
Gord Baldwin             0  0  0   0  0   0  0  0  0  0  0/0    14:08   6:26   2:28 
Jiri Tlusty              0  0  0  -2  0   4  3  0  0  0  0/1    23:14   4:41   2:17 
Jordan Szwarz            0  0  0   0  0   0  1  1  0  0  1/2     9:38   0:22   0:00 
Justin Shugg             0  0  0  -1  0   0  0  0  0  0  0/0     7:47   0:00   0:00 
Kevin Connauton          0  0  0  -1  0   0  2  1  0  0  0/0    21:51   3:33   2:13 
Linden Vey               0  1  1   0  15  0  1  0  0  0  1/1     8:42   1:43   0:00 
Matt Beleskey            0  0  0  -1  0   1  1  0  1  0  0/0     9:49   1:14   0:16 
Matt Donovan             0  0  0  -1  0   5  4  3  1  0  0/0    26:22   3:37   2:13 
Maxime Macenauer         1  0  1  -1  0   3  4  0  1  1  6/13   16:55   5:06   0:00 
Michael Chaput           0  0  0  -1  0   1  2  0  0  0  1/2     8:21   0:00   0:25 
Michal Jordan            0  0  0  -3  0   1  0  1  1  2  0/0    20:49   0:00   0:53 
Nick Bonino              0  0  0  -2  0   5  4  0  3  0  22/29  21:22   4:41   1:20 
T.J. Oshie               0  0  0  -2  0   1  0  1  0  0  4/6    23:14   4:41   2:17 
Tim Schaller             0  0  0   0  0   1  1  0  1  0  0/2    10:50   0:00   1:16 

3 Stars

1 - Matt Irwin (MJM)
2 - Chris Mason (MJM)
3 - Eric Wellwood (MJM)

Power Play

Blackdemons - 1 on 3 Attempt(s) - 33,33%
Wiprows - 1 on 6 Attempt(s) - 16,67%

Penalty Kill

Blackdemons - 5 on 6 Attempt(s) - 83,33% - Score 0 goal in Penalty Kill
Wiprows - 2 on 3 Attempt(s) - 66,67% - Score 0 goal in Penalty Kill

Team Stat

Blackdemons - Hits : 18 - Faceoff Wins : 21 - Blocked Shots : 5 - Penalty Minutes : 12
Wiprows - Hits : 31 - Faceoff Wins : 36 - Blocked Shots : 8 - Penalty Minutes : 17

Official

Referees : Sutherland Kelly and Devorski Paul
Linesman : Lonnie Cameron and Scott Driscoll

Game Notes

Linden Vey ejected from game at 9:29 of 2nd period
Matt Irwin is injured at 14:49 of 3rd period (Sore Left Knee)

Finance

Level 1 -- Attendance: 1381 (69,05%) -- Ticket Income 41 430 $
Level 2 -- Attendance: 697 (69,70%) -- Ticket Income 10 455 $
Total Attendance: 2078 (69,27%)
Total Ticket Income: 51 885 $
Other Income: 2 594 $
Total Income: 54 479 $

Blackdemons

5 vs 5 Forward 
   Center                   Left Wing                Right Wing               Time % Phy DF OF 
 1 Patrice Cormier          Zach Boychuk             Enver Lisin              40     1   2  2  
 2 Shawn Matthias           Eric Wellwood            Barry Tallackson         30     2   2  1  
 3 Wayne Primeau            Michael Haley            Richard Park             20     1   3  1  
 4 Ben Maxwell              Scott Timmins            Mathieu Dandenault       10     1   4  0  

5 vs 5 Defense 
   Defense                  Defense                                           Time % Phy DF OF 
 1 Matt Irwin               Matt Hunwick                                      30     1   3  1  
 2 Jakub Kindl              Andrew MacDonald                                  30     1   3  1  
 3 Steve Oleksy             Calvin de Haan                                    30     1   3  1  
 4 Matt Irwin               Andrew MacDonald                                  10     1   1  3  

PowerPlay Forward 
   Center                   Left Wing                Right Wing               Time % Phy DF OF 
 1 Patrice Cormier          Zach Boychuk             Enver Lisin              60     1   0  4  
 2 Shawn Matthias           Eric Wellwood            Barry Tallackson         40     3   0  2  

PowerPlay Defense
   Defense                  Defense                                           Time % Phy DF OF 
 1 Matt Irwin               Calvin de Haan                                    60     1   2  2  
 2 Jakub Kindl              Andrew MacDonald                                  40     1   2  2  

Penalty Kill 4 Players Forward 
   Center                   Wing                     Time % Phy DF OF 
 1 Wayne Primeau            Richard Park             60     1   4  0  
 2 Ben Maxwell              Mathieu Dandenault       40     1   4  0  

Penalty Kill 4 Players Defense
   Defense                  Defense                  Time % Phy DF OF 
 1 Jakub Kindl              Matt Hunwick             60     1   4  0  
 2 Matt Irwin               Andrew MacDonald         40     1   3  1  

Penalty Kill - 3 Players Forward 
   Forward                                           Time % Phy DF OF 
 1 Richard Park                                      60     0   5  0  
 2 Mathieu Dandenault                                40     0   5  0  

Penalty Kill - 3 Players Defense
   Defense                  Defense                  Time % Phy DF OF 
 1 Jakub Kindl              Matt Hunwick             60     1   4  0  
 2 Matt Irwin               Andrew MacDonald         40     1   4  0  

4 vs 4 Forward 
   Center                   Wing                     Time % Phy DF OF 
 1 Shawn Matthias           Enver Lisin              60     1   2  2  
 2 Wayne Primeau            Zach Boychuk             40     0   2  3  

4 vs 4 Defense
   Defense                  Defense                  Time % Phy DF OF 
 1 Matt Irwin               Calvin de Haan           60     1   3  1  
 2 Jakub Kindl              Andrew MacDonald         40     1   3  1  

Last Minutes Offensive
   Center                   Left Wing                Right Wing               Defense                  Defense                  
   Wayne Primeau            Zach Boychuk             Enver Lisin              Matt Irwin               Andrew MacDonald         

Last Minutes Defensive
   Center                   Left Wing                Right Wing               Defense                  Defense                  
   Wayne Primeau            Richard Park             Mathieu Dandenault       Jakub Kindl              Matt Hunwick             

Goaltenders
Starting : Chris Mason              
Backup : Matt Hackett             

Extra Forwards
Normal : Michael Haley, Enver Lisin, Zach Boychuk - PP : Michael Haley, Wayne Primeau - PK : Barry Tallackson
Extra Defensemen
Normal : Steve Oleksy, Calvin de Haan, Matt Hunwick - PP : Matt Hunwick - PK : Steve Oleksy, Calvin de Haan
Penalty Shots
Barry Tallackson, Enver Lisin, Shawn Matthias, Zach Boychuk, Michael Haley

Wiprows

5 vs 5 Forward 
   Center                   Left Wing                Right Wing               Time % Phy DF OF 
 1 Nick Bonino              Jiri Tlusty              T.J. Oshie               40     1   2  2  
 2 Maxime Macenauer         Brandon Bollig           Linden Vey               30     1   2  2  
 3 Tim Schaller             Drayson Bowman           Jordan Szwarz            20     1   2  2  
 4 Michael Chaput           Matt Beleskey            Justin Shugg             10     1   2  2  

5 vs 5 Defense 
   Defense                  Defense                                           Time % Phy DF OF 
 1 Arturs Kulda             Matt Donovan                                      40     1   2  2  
 2 Michal Jordan            Kevin Connauton                                   30     1   2  2  
 3 Austin Madaisky          Michal Jordan                                     20     1   2  2  
 4 Matt Donovan             Kevin Connauton                                   10     1   2  2  

PowerPlay Forward 
   Center                   Left Wing                Right Wing               Time % Phy DF OF 
 1 Nick Bonino              Jiri Tlusty              T.J. Oshie               60     1   2  2  
 2 Maxime Macenauer         Brandon Bollig           Linden Vey               40     1   2  2  

PowerPlay Defense
   Defense                  Defense                                           Time % Phy DF OF 
 1 Arturs Kulda             Gord Baldwin                                      60     1   2  2  
 2 Matt Donovan             Kevin Connauton                                   40     1   2  2  

Penalty Kill 4 Players Forward 
   Center                   Wing                     Time % Phy DF OF 
 1 T.J. Oshie               Jiri Tlusty              60     1   2  2  
 2 Brandon Bollig           Nick Bonino              40     1   2  2  

Penalty Kill 4 Players Defense
   Defense                  Defense                  Time % Phy DF OF 
 1 Arturs Kulda             Gord Baldwin             60     1   2  2  
 2 Matt Donovan             Kevin Connauton          40     1   2  2  

Penalty Kill - 3 Players Forward 
   Forward                                           Time % Phy DF OF 
 1 T.J. Oshie                                        60     1   2  2  
 2 Jiri Tlusty                                       40     1   2  2  

Penalty Kill - 3 Players Defense
   Defense                  Defense                  Time % Phy DF OF 
 1 Arturs Kulda             Gord Baldwin             60     1   2  2  
 2 Matt Donovan             Kevin Connauton          40     1   2  2  

4 vs 4 Forward 
   Center                   Wing                     Time % Phy DF OF 
 1 T.J. Oshie               Jiri Tlusty              60     1   2  2  
 2 Brandon Bollig           Nick Bonino              40     1   2  2  

4 vs 4 Defense
   Defense                  Defense                  Time % Phy DF OF 
 1 Arturs Kulda             Gord Baldwin             60     1   2  2  
 2 Matt Donovan             Kevin Connauton          40     1   2  2  

Last Minutes Offensive
   Center                   Left Wing                Right Wing               Defense                  Defense                  
   Nick Bonino              Jiri Tlusty              T.J. Oshie               Arturs Kulda             Gord Baldwin             

Last Minutes Defensive
   Center                   Left Wing                Right Wing               Defense                  Defense                  
   Nick Bonino              Jiri Tlusty              T.J. Oshie               Arturs Kulda             Gord Baldwin             

Goaltenders
Starting : Calvin Pickard           
Backup : Braden Holtby            

Extra Forwards
Normal : Drayson Bowman, Matt Beleskey, Tim Schaller - PP : Drayson Bowman, Matt Beleskey - PK : Tim Schaller
Extra Defensemen
Normal : Matt Donovan, Kevin Connauton, Michal Jordan - PP : Kevin Connauton - PK : Arturs Kulda, Matt Donovan
Penalty Shots
T.J. Oshie, Jiri Tlusty, Brandon Bollig, Nick Bonino, Drayson Bowman

% Time on Ice - Blackdemons

Lines # - Real PCT - Wanted PCT - Time Play
Normal Forward
1 - 35% - 40% - 14:53
2 - 30% - 30% - 12:48
3 - 19% - 20% - 8:13
4 - 17% - 10% - 7:09
Normal Defense
1 - 32% - 30% - 13:47
2 - 32% - 30% - 13:53
3 - 28% - 30% - 12:12
4 - 7% - 10% - 3:11
PP Forward
1 - 66% - 60% - 3:31
2 - 34% - 40% - 1:47
PP Defense
1 - 67% - 60% - 3:34
2 - 33% - 40% - 1:44
PK Forward
1 - 72% - 60% - 7:10
2 - 28% - 40% - 2:49
PK Defense
1 - 62% - 60% - 6:12
2 - 38% - 40% - 3:47
PK3 Forward
1 - 0% - 60%
2 - 0% - 40%
PK3 Defense
1 - 0% - 60%
2 - 0% - 40%
44 Forward
1 - 80% - 60% - 1:20
2 - 20% - 40% - 0:20
44 Defense
1 - 72% - 60% - 1:12
2 - 28% - 40% - 0:28
Last Minute Offensive  - 0:00
Last Minute Defensive  - 0:00
Total
Forward - 60:00
Defense - 60:00

% Time on Ice - Wiprows

Lines # - Real PCT - Wanted PCT - Time Play
Normal Forward
1 - 35% - 40% - 15:09
2 - 28% - 30% - 11:56
3 - 19% - 20% - 8:11
4 - 18% - 10% - 7:47
Normal Defense
1 - 41% - 40% - 17:44
2 - 26% - 30% - 11:22
3 - 22% - 20% - 9:41
4 - 10% - 10% - 4:16
PP Forward
1 - 47% - 60% - 4:43
2 - 53% - 40% - 5:16
PP Defense
1 - 66% - 60% - 6:35
2 - 34% - 40% - 3:24
PK Forward
1 - 75% - 60% - 3:58
2 - 25% - 40% - 1:20
PK Defense
1 - 58% - 60% - 3:05
2 - 42% - 40% - 2:13
PK3 Forward
1 - 0% - 60%
2 - 0% - 40%
PK3 Defense
1 - 0% - 60%
2 - 0% - 40%
44 Forward
1 - 82% - 60% - 1:22
2 - 18% - 40% - 0:18
44 Defense
1 - 97% - 60% - 1:37
2 - 3% - 40% - 0:03
Last Minute Offensive  - 0:00
Last Minute Defensive  - 0:00
Total
Forward - 60:00
Defense - 60:00

Play by Play

1st period


0:01 of 1st period - Nick Bonino wins face-off versus Patrice Cormier in neutral zone.
0:26 of 1st period - Barry Tallackson is hit by Matt Donovan and loses puck.
0:39 of 1st period - Kevin Connauton is hit by Shawn Matthias and loses puck.
1:12 of 1st period - Mathieu Dandenault is hit by Matt Beleskey and loses puck.
1:21 of 1st period - Michal Jordan is hit by Ben Maxwell and loses puck.
1:53 of 1st period - Off-side.
1:54 of 1st period - Barry Tallackson wins face-off versus Maxime Macenauer in neutral zone.
2:30 of 1st period - Calvin de Haan is hit by Nick Bonino and loses puck.
2:48 of 1st period - Tim Schaller is hit by Michael Haley and loses puck.
3:23 of 1st period - Slapshot by Andrew MacDonald.
3:23 of 1st period - Stopped by Calvin Pickard with a rebound.
3:31 of 1st period - Icing by Andrew MacDonald.
3:32 of 1st period - Nick Bonino wins face-off versus Shawn Matthias in Blackdemons zone.
3:41 of 1st period - Snap shot by Nick Bonino.
3:41 of 1st period - Stopped by Chris Mason with a rebound.
4:19 of 1st period - Wayne Primeau is hit by Jordan Szwarz.
4:37 of 1st period - Matt Irwin is hit by Nick Bonino and loses puck.
4:46 of 1st period - Snap shot by Ben Maxwell.
4:46 of 1st period - Deflect By Scott Timmins.
4:46 of 1st period - Stopped by Calvin Pickard with a rebound.
5:22 of 1st period - Snap shot by Linden Vey.
5:22 of 1st period - Shot Blocked by Matt Hunwick.
5:41 of 1st period - T.J. Oshie is hit by Andrew MacDonald and loses puck.
5:50 of 1st period - Snap shot by Enver Lisin.
5:50 of 1st period - Stopped by Calvin Pickard without a rebound.
5:51 of 1st period - Wayne Primeau wins face-off versus Jordan Szwarz in Wiprows zone.
5:54 of 1st period - Snap shot by Wayne Primeau.
5:54 of 1st period - Stopped by Calvin Pickard without a rebound.
5:55 of 1st period - Jordan Szwarz wins face-off versus Wayne Primeau in Wiprows zone.
5:55 of 1st period - Jordan Szwarz is hit by Wayne Primeau.
6:11 of 1st period - Snap shot by Tim Schaller.
6:11 of 1st period - Stopped by Chris Mason with a rebound.
6:29 of 1st period - Slapshot by Andrew MacDonald.
6:29 of 1st period - Shot Blocked by Jordan Szwarz.
6:31 of 1st period - Slapshot by Richard Park.
6:31 of 1st period - Stopped by Calvin Pickard without a rebound.
6:32 of 1st period - Nick Bonino wins face-off versus Patrice Cormier in Wiprows zone.
6:50 of 1st period - Icing by Calvin de Haan.
6:51 of 1st period - Maxime Macenauer wins face-off versus Patrice Cormier in Blackdemons zone.
7:39 of 1st period - Snap shot by Matt Beleskey.
7:39 of 1st period - Stopped by Chris Mason with a rebound.
8:23 of 1st period - Snap shot by Drayson Bowman.
8:23 of 1st period - Stopped by Chris Mason with a rebound.
9:22 of 1st period - Wrist shot by Jiri Tlusty.
9:22 of 1st period - Stopped by Chris Mason with a rebound.
9:24 of 1st period - Slapshot by T.J. Oshie.
9:24 of 1st period - Shot Misses the Net.
9:56 of 1st period - Snap shot by Richard Park.
9:56 of 1st period - Stopped by Calvin Pickard without a rebound.
9:57 of 1st period - Linden Vey wins face-off versus Patrice Cormier in Wiprows zone.
9:57 of 1st period - Linden Vey is hit by Matt Hunwick.
10:24 of 1st period - Matt Irwin is hit by Michael Chaput and loses puck.
12:59 of 1st period - Snap shot by Barry Tallackson.
12:59 of 1st period - Deflect By Shawn Matthias.
12:59 of 1st period - Shot Blocked by T.J. Oshie.
12:59 of 1st period - Puck is out of play.
13:00 of 1st period - Maxime Macenauer wins face-off versus Patrice Cormier in Wiprows zone.
13:50 of 1st period - Michal Jordan is hit by Michael Haley and loses puck.
14:03 of 1st period - Ben Maxwell is hit by Linden Vey and loses puck.
15:00 of 1st period - Wrist shot by Drayson Bowman.
15:00 of 1st period - Stopped by Chris Mason without a rebound.
15:01 of 1st period - Nick Bonino wins face-off versus Wayne Primeau in Blackdemons zone.
15:56 of 1st period - Slapshot by Maxime Macenauer.
15:56 of 1st period - Deflect By Brandon Bollig.
15:56 of 1st period - Shot Blocked by Andrew MacDonald.
15:56 of 1st period - Puck is out of play.
15:57 of 1st period - Brandon Bollig wins face-off versus Patrice Cormier in Blackdemons zone.
16:27 of 1st period - Slapshot by Michal Jordan.
16:27 of 1st period - Shot Misses the Net.
16:43 of 1st period - Barry Tallackson is hit by Brandon Bollig and loses puck.
16:50 of 1st period - Andrew MacDonald is hit by Arturs Kulda and loses puck.
17:11 of 1st period - Wrist shot by Brandon Bollig.
17:11 of 1st period - Stopped by Chris Mason without a rebound.
17:12 of 1st period - Nick Bonino wins face-off versus Patrice Cormier in Blackdemons zone.
17:13 of 1st period - Wrist shot by Jiri Tlusty.
17:13 of 1st period - Shot Blocked by Patrice Cormier.
17:15 of 1st period - Wrist shot by Michal Jordan.
17:15 of 1st period - Stopped by Chris Mason without a rebound.
17:16 of 1st period - Nick Bonino wins face-off versus Patrice Cormier in Blackdemons zone.
17:25 of 1st period - Slapshot by Nick Bonino.
17:25 of 1st period - Deflect By T.J. Oshie.
17:25 of 1st period - Shot Blocked by Jakub Kindl.
17:25 of 1st period - Puck is out of play.
17:26 of 1st period - Nick Bonino wins face-off versus Patrice Cormier in Blackdemons zone.
18:41 of 1st period - Wrist shot by Brandon Bollig.
18:41 of 1st period - Stopped by Chris Mason with a rebound.
18:43 of 1st period - Wrist shot by Maxime Macenauer.
18:43 of 1st period - Shot Misses the Net.
18:45 of 1st period - Slapshot by Matt Donovan.
18:45 of 1st period - Stopped by Chris Mason without a rebound.
18:46 of 1st period - Nick Bonino wins face-off versus Patrice Cormier in Blackdemons zone.
18:53 of 1st period - Snap shot by Nick Bonino.
18:53 of 1st period - Stopped by Chris Mason with a rebound.
19:35 of 1st period - Slapshot by Matt Donovan.
19:35 of 1st period - Stopped by Chris Mason without a rebound.
19:36 of 1st period - Wayne Primeau wins face-off versus Tim Schaller in Blackdemons zone.
19:47 of 1st period - Snap shot by Drayson Bowman.
19:47 of 1st period - Stopped by Chris Mason without a rebound.
19:48 of 1st period - Patrice Cormier wins face-off versus Nick Bonino in Blackdemons zone.
Goals for this period are 0 for Blackdemons vs 0 for Wiprows.
Shots for this period are 6 for Blackdemons vs 13 for Wiprows.

2nd period


0:01 of 2nd period - Nick Bonino wins face-off versus Patrice Cormier in neutral zone.
0:47 of 2nd period - Icing by Matt Beleskey.
0:48 of 2nd period - Wayne Primeau wins face-off versus Michael Chaput in Wiprows zone.
1:11 of 2nd period - Enver Lisin is hit by Kevin Connauton and loses puck.
1:21 of 2nd period - Off-side.
1:22 of 2nd period - Shawn Matthias wins face-off versus Nick Bonino in neutral zone.
1:27 of 2nd period - T.J. Oshie is hit by Matt Hunwick.
1:35 of 2nd period - Slapshot by T.J. Oshie.
1:35 of 2nd period - Shot Misses the Net.
1:47 of 2nd period - Wayne Primeau is hit by Tim Schaller.
2:15 of 2nd period - Wrist shot by Linden Vey.
2:15 of 2nd period - Shot Misses the Net.
2:17 of 2nd period - Slapshot by Arturs Kulda.
2:17 of 2nd period - Stopped by Chris Mason without a rebound.
2:18 of 2nd period - Maxime Macenauer wins face-off versus Patrice Cormier in Blackdemons zone.
2:29 of 2nd period - Wrist shot by Brandon Bollig.
2:29 of 2nd period - Stopped by Chris Mason with a rebound.
3:04 of 2nd period - Wrist shot by Wayne Primeau.
3:04 of 2nd period - Stopped by Calvin Pickard without a rebound.
3:05 of 2nd period - Wayne Primeau wins face-off versus Tim Schaller in Wiprows zone.
3:06 of 2nd period - Wrist shot by Richard Park.
3:06 of 2nd period - Shot Blocked by Arturs Kulda.
3:08 of 2nd period - Wrist shot by Richard Park.
3:08 of 2nd period - Shot Blocked by Matt Donovan.
3:10 of 2nd period - Wrist shot by Wayne Primeau.
3:10 of 2nd period - Shot Misses the Net.
3:12 of 2nd period - Slapshot by Michael Haley.
3:12 of 2nd period - Stopped by Calvin Pickard with a rebound.
3:14 of 2nd period - Wrist shot by Richard Park.
3:14 of 2nd period - Stopped by Calvin Pickard without a rebound.
3:15 of 2nd period - Nick Bonino wins face-off versus Patrice Cormier in Wiprows zone.
3:28 of 2nd period - Zach Boychuk is hit by Jiri Tlusty.
3:54 of 2nd period - Shawn Matthias is hit by Maxime Macenauer and loses puck.
3:58 of 2nd period - Icing by Matt Hunwick.
3:59 of 2nd period - Shawn Matthias wins face-off versus Nick Bonino in Blackdemons zone.
4:32 of 2nd period - Minor Penalty to Shawn Matthias for Hooking.
4:33 of 2nd period - Nick Bonino wins face-off versus Wayne Primeau in Blackdemons zone.
4:33 of 2nd period - Snap shot by Jiri Tlusty.
4:33 of 2nd period - Stopped by Chris Mason without a rebound.
4:34 of 2nd period - Nick Bonino wins face-off versus Wayne Primeau in Blackdemons zone.
4:45 of 2nd period - Matt Hunwick is hit by Arturs Kulda and loses puck.
5:02 of 2nd period - Off-side.
5:03 of 2nd period - Wayne Primeau wins face-off versus Maxime Macenauer in neutral zone.
5:40 of 2nd period - Wrist shot by Maxime Macenauer.
5:40 of 2nd period - Stopped by Chris Mason without a rebound.
5:41 of 2nd period - T.J. Oshie wins face-off versus Wayne Primeau in Blackdemons zone.
5:48 of 2nd period - Snap shot by Nick Bonino.
5:48 of 2nd period - Stopped by Chris Mason with a rebound.
6:16 of 2nd period - Wrist shot by Linden Vey.
6:16 of 2nd period - Deflect By Maxime Macenauer.
6:16 of 2nd period - Goal by Maxime Macenauer - Blackdemons : 0 - Wiprows : 1.
6:17 of 2nd period - Nick Bonino wins face-off versus Enver Lisin in neutral zone.
6:39 of 2nd period - Minor Penalty to Zach Boychuk for Hooking.
6:40 of 2nd period - Wayne Primeau wins face-off versus Nick Bonino in Blackdemons zone.
6:40 of 2nd period - Wayne Primeau is hit by Jiri Tlusty.
6:54 of 2nd period - Snap shot by Nick Bonino.
6:54 of 2nd period - Stopped by Chris Mason with a rebound.
6:56 of 2nd period - Slapshot by Arturs Kulda.
6:56 of 2nd period - Shot Misses the Net.
7:06 of 2nd period - Wayne Primeau is hit by Maxime Macenauer and loses puck.
8:01 of 2nd period - Matt Hunwick is hit by Nick Bonino and loses puck.
8:39 of 2nd period - Penalty to Zach Boychuk is over, Zach Boychuk is back on ice.
8:45 of 2nd period - Slapshot by Tim Schaller.
8:45 of 2nd period - Shot Misses the Net.
8:55 of 2nd period - Wrist shot by Drayson Bowman.
8:55 of 2nd period - Shot Misses the Net.
9:07 of 2nd period - Snap shot by Zach Boychuk.
9:07 of 2nd period - Goal by Zach Boychuk - Blackdemons : 1 - Wiprows : 1.
9:08 of 2nd period - Nick Bonino wins face-off versus Patrice Cormier in neutral zone.
9:22 of 2nd period - Slapshot by Nick Bonino.
9:22 of 2nd period - Stopped by Chris Mason without a rebound.
9:23 of 2nd period - Patrice Cormier wins face-off versus Maxime Macenauer in Blackdemons zone.
9:29 of 2nd period - Major / Game Misconduct Penalty to Linden Vey for Spearing.
9:29 of 2nd period - Linden Vey is ejected from game.
9:30 of 2nd period - T.J. Oshie wins face-off versus Patrice Cormier in Wiprows zone.
9:39 of 2nd period - Snap shot by Enver Lisin.
9:39 of 2nd period - Stopped by Calvin Pickard with a rebound.
9:41 of 2nd period - Slapshot by Matt Irwin.
9:41 of 2nd period - Goal by Matt Irwin - Blackdemons : 2 - Wiprows : 1.
9:42 of 2nd period - Zach Boychuk wins face-off versus T.J. Oshie in neutral zone.
11:56 of 2nd period - Arturs Kulda is hit by Andrew MacDonald.
13:42 of 2nd period - Shawn Matthias is hit by Drayson Bowman.
14:29 of 2nd period - Penalty to Linden Vey is over, Jordan Szwarz is send on ice.
14:40 of 2nd period - Ben Maxwell is hit by Michael Chaput and loses puck.
15:05 of 2nd period - Icing by Tim Schaller.
15:06 of 2nd period - Wayne Primeau wins face-off versus Maxime Macenauer in Wiprows zone.
15:27 of 2nd period - T.J. Oshie is hit by Zach Boychuk and loses puck.
15:56 of 2nd period - Mathieu Dandenault is hit by Matt Donovan and loses puck.
16:15 of 2nd period - Snap shot by Matt Donovan.
16:15 of 2nd period - Stopped by Chris Mason without a rebound.
16:16 of 2nd period - Patrice Cormier wins face-off versus Maxime Macenauer in Blackdemons zone.
16:34 of 2nd period - Backhand shot by Brandon Bollig.
16:34 of 2nd period - Stopped by Chris Mason without a rebound.
16:35 of 2nd period - Nick Bonino wins face-off versus Shawn Matthias in Blackdemons zone.
16:36 of 2nd period - Backhand shot by T.J. Oshie.
16:36 of 2nd period - Shot Misses the Net.
16:49 of 2nd period - Icing by Eric Wellwood.
16:50 of 2nd period - Shawn Matthias wins face-off versus Maxime Macenauer in Blackdemons zone.
16:57 of 2nd period - Slapshot by Matt Irwin.
16:57 of 2nd period - Shot Blocked by Kevin Connauton.
16:59 of 2nd period - Snap shot by Barry Tallackson.
16:59 of 2nd period - Stopped by Calvin Pickard with a rebound.
17:01 of 2nd period - Slapshot by Shawn Matthias.
17:01 of 2nd period - Goal by Shawn Matthias - Blackdemons : 3 - Wiprows : 1.
17:02 of 2nd period - Patrice Cormier wins face-off versus Jiri Tlusty in neutral zone.
17:39 of 2nd period - Snap shot by Barry Tallackson.
17:39 of 2nd period - Shot Misses the Net.
17:53 of 2nd period - Andrew MacDonald is hit by Arturs Kulda and loses puck.
18:36 of 2nd period - T.J. Oshie is hit by Mathieu Dandenault and loses puck.
18:41 of 2nd period - Slapshot by Jakub Kindl.
18:41 of 2nd period - Deflect By Mathieu Dandenault.
18:41 of 2nd period - Shot Misses the Net.
18:41 of 2nd period - Puck is out of play.
18:42 of 2nd period - Patrice Cormier wins face-off versus Maxime Macenauer in Wiprows zone.
18:52 of 2nd period - Minor Penalty to Zach Boychuk for Tripping.
18:53 of 2nd period - Nick Bonino wins face-off versus Wayne Primeau in Blackdemons zone.
19:30 of 2nd period - Slapshot by Brandon Bollig.
19:30 of 2nd period - Stopped by Chris Mason without a rebound.
19:31 of 2nd period - Maxime Macenauer wins face-off versus Wayne Primeau in Blackdemons zone.
19:42 of 2nd period - Wrist shot by Maxime Macenauer.
19:42 of 2nd period - Stopped by Chris Mason with a rebound.
Goals for this period are 3 for Blackdemons vs 1 for Wiprows.
Shots for this period are 8 for Blackdemons vs 12 for Wiprows.

3rd period


0:01 of 3rd period - Nick Bonino wins face-off versus Wayne Primeau in neutral zone.
0:32 of 3rd period - Slapshot by Jakub Kindl.
0:32 of 3rd period - Deflect By Ben Maxwell.
0:32 of 3rd period - Stopped by Calvin Pickard with a rebound.
0:34 of 3rd period - Wrist shot by Mathieu Dandenault.
0:34 of 3rd period - Stopped by Calvin Pickard with a rebound.
0:36 of 3rd period - Snap shot by Jakub Kindl.
0:36 of 3rd period - Stopped by Calvin Pickard with a rebound.
0:38 of 3rd period - Backhand shot by Mathieu Dandenault.
0:38 of 3rd period - Stopped by Calvin Pickard with a rebound.
0:40 of 3rd period - Wrist shot by Mathieu Dandenault.
0:40 of 3rd period - Stopped by Calvin Pickard with a rebound.
0:42 of 3rd period - Snap shot by Ben Maxwell.
0:42 of 3rd period - Stopped by Calvin Pickard with a rebound.
0:48 of 3rd period - Minor Penalty to Arturs Kulda for Holding.
0:49 of 3rd period - T.J. Oshie wins face-off versus Shawn Matthias in Wiprows zone.
0:52 of 3rd period - Penalty to Zach Boychuk is over, Zach Boychuk is back on ice.
1:10 of 3rd period - Minor Penalty to Zach Boychuk for Roughing.
1:11 of 3rd period - Shawn Matthias wins face-off versus T.J. Oshie in Blackdemons zone.
1:26 of 3rd period - Off-side.
1:27 of 3rd period - T.J. Oshie wins face-off versus Shawn Matthias in neutral zone.
1:40 of 3rd period - Slapshot by Shawn Matthias.
1:40 of 3rd period - Shot Blocked by Matt Donovan.
1:50 of 3rd period - Enver Lisin is hit by Matt Donovan and loses puck.
2:07 of 3rd period - Wayne Primeau is hit by Matt Donovan and loses puck.
2:16 of 3rd period - Slapshot by Michael Haley.
2:16 of 3rd period - Shot Blocked by Matt Donovan.
2:48 of 3rd period - Penalty to Arturs Kulda is over, Arturs Kulda is back on ice.
3:10 of 3rd period - Penalty to Zach Boychuk is over, Zach Boychuk is back on ice.
3:15 of 3rd period - Wrist shot by Richard Park.
3:15 of 3rd period - Shot Misses the Net.
3:45 of 3rd period - Snap shot by Michael Chaput.
3:45 of 3rd period - Stopped by Chris Mason with a rebound.
3:59 of 3rd period - Snap shot by Matt Hunwick.
3:59 of 3rd period - Stopped by Calvin Pickard with a rebound.
4:01 of 3rd period - Snap shot by Eric Wellwood.
4:01 of 3rd period - Shot Blocked by Michal Jordan.
4:03 of 3rd period - Wrist shot by Eric Wellwood.
4:03 of 3rd period - Goal by Eric Wellwood - Blackdemons : 4 - Wiprows : 1.
4:04 of 3rd period - Nick Bonino wins face-off versus Patrice Cormier in neutral zone.
4:13 of 3rd period - Backhand shot by Jakub Kindl.
4:13 of 3rd period - Stopped by Calvin Pickard without a rebound.
4:14 of 3rd period - Nick Bonino wins face-off versus Patrice Cormier in Wiprows zone.
4:25 of 3rd period - Slapshot by Enver Lisin.
4:25 of 3rd period - Stopped by Calvin Pickard with a rebound.
4:27 of 3rd period - Wrist shot by Enver Lisin.
4:27 of 3rd period - Shot Misses the Net.
4:29 of 3rd period - Backhand shot by Andrew MacDonald.
4:29 of 3rd period - Shot Misses the Net.
4:36 of 3rd period - Slapshot by Enver Lisin.
4:36 of 3rd period - Stopped by Calvin Pickard without a rebound.
4:37 of 3rd period - Maxime Macenauer wins face-off versus Shawn Matthias in Wiprows zone.
5:02 of 3rd period - Steve Oleksy is hit by Nick Bonino and loses puck.
5:12 of 3rd period - Icing by Arturs Kulda.
5:13 of 3rd period - Wayne Primeau wins face-off versus Nick Bonino in Wiprows zone.
5:28 of 3rd period - Wrist shot by Jiri Tlusty.
5:28 of 3rd period - Stopped by Chris Mason with a rebound.
5:30 of 3rd period - Wrist shot by T.J. Oshie.
5:30 of 3rd period - Stopped by Chris Mason with a rebound.
5:54 of 3rd period - Wrist shot by Enver Lisin.
5:54 of 3rd period - Shot Misses the Net.
6:04 of 3rd period - Steve Oleksy is hit by Kevin Connauton and loses puck.
6:46 of 3rd period - Brandon Bollig is hit by Andrew MacDonald.
7:02 of 3rd period - Snap shot by Jiri Tlusty.
7:02 of 3rd period - Stopped by Chris Mason without a rebound.
7:03 of 3rd period - Patrice Cormier wins face-off versus Nick Bonino in Blackdemons zone.
7:05 of 3rd period - Minor Penalty to Enver Lisin for Hooking.
7:06 of 3rd period - Nick Bonino wins face-off versus Wayne Primeau in Blackdemons zone.
7:22 of 3rd period - Slapshot by Jakub Kindl.
7:22 of 3rd period - Shot Misses the Net.
7:32 of 3rd period - Matt Hunwick is hit by Maxime Macenauer and loses puck.
7:37 of 3rd period - Wrist shot by Maxime Macenauer.
7:37 of 3rd period - Shot Misses the Net.
7:41 of 3rd period - Wrist shot by Matt Donovan.
7:41 of 3rd period - Stopped by Chris Mason with a rebound.
7:43 of 3rd period - Snap shot by Drayson Bowman.
7:43 of 3rd period - Shot Misses the Net.
7:45 of 3rd period - Wrist shot by Matt Donovan.
7:45 of 3rd period - Deflect By Richard Park.
7:45 of 3rd period - Stopped by Chris Mason with a rebound.
8:47 of 3rd period - Ben Maxwell is hit by Maxime Macenauer.
8:51 of 3rd period - Matt Hunwick is hit by Arturs Kulda.
9:05 of 3rd period - Penalty to Enver Lisin is over, Enver Lisin is back on ice.
9:34 of 3rd period - Minor Penalty to Calvin de Haan for Hooking.
9:35 of 3rd period - Wayne Primeau wins face-off versus Nick Bonino in Blackdemons zone.
9:35 of 3rd period - Wayne Primeau is hit by Arturs Kulda.
10:54 of 3rd period - Arturs Kulda is hit by Eric Wellwood and loses puck.
11:34 of 3rd period - Penalty to Calvin de Haan is over, Calvin de Haan is back on ice.
13:18 of 3rd period - Kevin Connauton is hit by Eric Wellwood and loses puck.
13:55 of 3rd period - Austin Madaisky is hit by Enver Lisin and loses puck.
14:48 of 3rd period - Matt Irwin is hit by Brandon Bollig and loses puck.
14:49 of 3rd period - Matt Irwin from Blackdemons is injured at 14:49 of 3rd period (Sore Left Knee).
14:50 of 3rd period - Nick Bonino wins face-off versus Patrice Cormier in Blackdemons zone.
14:59 of 3rd period - Jiri Tlusty is hit by Patrice Cormier and loses puck.
15:04 of 3rd period - Slapshot by Enver Lisin.
15:04 of 3rd period - Goal by Enver Lisin - Blackdemons : 5 - Wiprows : 1.
15:05 of 3rd period - Nick Bonino wins face-off versus Patrice Cormier in neutral zone.
15:42 of 3rd period - Off-side.
15:43 of 3rd period - Maxime Macenauer wins face-off versus Michael Haley in neutral zone.
15:58 of 3rd period - Snap shot by Richard Park.
15:58 of 3rd period - Stopped by Calvin Pickard with a rebound.
16:19 of 3rd period - Jiri Tlusty is hit by Andrew MacDonald and loses puck.
16:29 of 3rd period - Off-side.
16:30 of 3rd period - Michael Chaput wins face-off versus Barry Tallackson in neutral zone.
16:33 of 3rd period - Slapshot by Matt Beleskey.
16:33 of 3rd period - Shot Blocked by Shawn Matthias.
16:35 of 3rd period - Slapshot by Justin Shugg.
16:35 of 3rd period - Shot Misses the Net.
16:45 of 3rd period - Slapshot by Eric Wellwood.
16:45 of 3rd period - Shot Misses the Net.
16:57 of 3rd period - Patrice Cormier is hit by Jiri Tlusty and loses puck.
17:39 of 3rd period - Snap shot by Drayson Bowman.
17:39 of 3rd period - Shot Misses the Net.
18:17 of 3rd period - Backhand shot by Zach Boychuk.
18:17 of 3rd period - Shot Misses the Net.
18:45 of 3rd period - Brandon Bollig is hit by Michael Haley and loses puck.
19:20 of 3rd period - Snap shot by Patrice Cormier.
19:20 of 3rd period - Shot Misses the Net.
19:22 of 3rd period - Wrist shot by Patrice Cormier.
19:22 of 3rd period - Shot Misses the Net.
19:24 of 3rd period - Snap shot by Enver Lisin.
19:24 of 3rd period - Shot Misses the Net.
Goals for this period are 2 for Blackdemons vs 0 for Wiprows.
Shots for this period are 13 for Blackdemons vs 6 for Wiprows.


Output by the SimonT Hockey Simulator (STHS) for François Prévost -- Original Page W3C XHTML 1.0 Valid
Hockey Simulator - Hockey Simulation - Hockey Manager